 Dungeon Crawl Stone Soup version 0.24.0-123-gd5b16e6ec5 (webtiles) character file.

Game seed: 12895486916492328096, levelgen mode: deterministic

109841 mortelune the Fighter (level 16, -1/105 HPs)
             Began as a Gargoyle Fire Elementalist on Jan 3, 2020.
             Was a High Priest of Vehumet.
             Killed from afar by a frost giant (31 damage)
             ... with a bolt of cold
             ... on level 15 of the Dungeon.
             The game lasted 02:25:54 (49040 turns).

mortelune the Fighter (Gargoyle Fire Elementalist) Turns: 49040, Time: 02:25:55

Health: -1/105     AC: 27    Str: 13    XL:     16   Next: 53%
Magic:  4/28       EV: 21    Int: 22    God:    Vehumet [*****.]
Gold:   413        SH:  4    Dex: 14    Spells: 3/32 levels left

rFire    + . .     SeeInvis +   Q - +2 morningstar (protect)
rCold    . . .     Gourm    .   (no shield)
rNeg     + . .     Faith    .   K - +0 acid dragon scales
rPois    ∞         Spirit   .   T - +0 helmet {SInv}
rElec    +         Reflect  +   S - +1 cloak of Starlight {rElec rC+ EV+4 Stlth--}
rCorr    +         Harm     .   n - +0 pair of gloves
MR       +....                  X - +0 pair of boots {Fly}
Stlth    ..........             x - +4 amulet of reflection
HPRegen  0.27/turn              b - +3 ring of evasion
MPRegen  0.21/turn              y - ring "Efuniu Tupu" {Fire +Inv Dex+4}

@: flying
A: big wings, negative energy resistance 1, electricity resistance, unbreathing,
petrification resistance, rot immunity, AC +12
a: Stop Flying, Renounce Religion, Evoke Invisibility


You were on level 15 of the Dungeon.
You worshipped Vehumet.
Vehumet was extremely pleased with you.
You were not hungry.

You visited 4 branches of the dungeon, and saw 24 of its levels.
You also visited: Ice Cave.

You collected 2752 gold pieces.
You spent 2339 gold pieces at shops.

Inventory:

Hand Weapons
 Q - a +2 morningstar of protection (weapon)
Armour
 n - a +0 pair of gloves (worn)
 J - a scarf of resistance
 K - +0 acid dragon scales (worn)
 S - the +1 cloak of Starlight (worn) {rElec rC+ EV+4 Stlth--}
   (You bought it in a shop on level 2 of the Orcish Mines)

   It affects your evasion (+4).
   It protects you from cold.
   It insulates you from electricity.
   It makes you much less stealthy.
 T - a +0 helmet of see invisible (worn)
 X - a +0 pair of boots of flying (worn)
Jewellery
 b - a +3 ring of evasion (left hand)
 m - a +3 ring of protection
 x - a +4 amulet of reflection (around neck)
 y - the ring "Efuniu Tupu" (right hand) {Fire +Inv Dex+4}
   (You found it on level 15 of the Dungeon)

   [ring of fire]

   It enhances your fire magic.
   It affects your dexterity (+4).
   It protects you from fire.
   It makes you vulnerable to cold.
   It lets you turn invisible.
 F - an uncursed ring of protection from fire
 G - an uncursed ring of protection from magic
 Y - the amulet of Reimbursement {+Rage rC+++ Int+2 Dex-4 SInv}
   (You took it off a kobold on level 11 of the Dungeon)

   [amulet of rage]

   It affects your intelligence (+2).
   It affects your dexterity (-4).
   It renders you almost immune to cold.
   It lets you see invisible.
   It lets you go berserk.
Wands
 s - a wand of iceblast (47)
 u - a wand of flame (20)
 v - a wand of disintegration (29)
 H - a wand of paralysis (6)
 L - a wand of digging (3)
 M - a wand of acid (41)
Scrolls
 a - a scroll of silence
 f - 4 scrolls of enchant armour
 i - 5 scrolls of enchant weapon
 k - 8 scrolls of remove curse
 p - 3 scrolls of amnesia
 r - a scroll of vulnerability {unknown}
 t - 6 scrolls of immolation
 w - 5 scrolls of magic mapping
 A - 6 scrolls of teleportation
 C - 2 scrolls of holy word
 I - 4 scrolls of blinking
 N - 7 scrolls of fog {unknown}
 U - a scroll of summoning {unknown}
 V - a scroll of random uselessness {unknown}
Potions
 d - 3 potions of lignification
 e - a potion of resistance
 g - 8 potions of curing
 h - a potion of agility
 j - 6 potions of flight
 l - 4 potions of brilliance
 o - 6 potions of haste
 z - 2 potions of magic
 B - a potion of invisibility
 D - 2 potions of ambrosia
 O - 3 potions of berserk rage
 R - 4 potions of might
 W - a potion of mutation {unknown}
Miscellaneous
 P - a phantom mirror
Comestibles
 c - 11 rations


   Skills:
 + Level 13.6 Fighting
 - Level 10.8 Maces & Flails
 - Level 9.1 Armour
 - Level 5.3 Dodging
 - Level 2.1 Stealth
 - Level 8.6 Spellcasting
 * Level 13.2 Conjurations
 * Level 13.6 Fire Magic
 - Level 5.1 Air Magic
 - Level 5.7 Evocations


You had 3 spell levels left.
You knew the following spells:

 Your Spells              Type           Power        Failure   Level  Hunger
a - Flame Tongue          Conj/Fire      #####        1%          1    None
b - Fireball              Conj/Fire      #######...   1%          5    #####..
c - Conjure Flame         Conj/Fire      #######.     1%          3    None
d - Sticky Flame          Conj/Fire      #######.     1%          4    ###....
e - Conjure Ball Lightni  Conj/Air       #####.....   10%         6    ######.
f - Shock                 Conj/Air       ####         1%          1    None
q - Mephitic Cloud        Conj/Pois/Air  #####...     1%          3    None
s - Bolt of Fire          Conj/Fire      #######...   1%          6    ######.

Your spell library contained the following spells:

 Spells                   Type           Power        Failure   Level  Hunger
 Spellforged Servitor     Conj/Summ      #####.....   75%         7    #######
 Throw Flame              Conj/Fire      ######       1%          2    None
 Throw Frost              Conj/Ice       #####.       1%          2    None
 Dazzling Spray           Conj/Hex       #####.       1%          3    None
 Inner Flame              Hex/Fire       ######..     1%          3    None
 Stone Arrow              Conj/Erth      #####.       1%          3    None
 Freeze                   Ice            #...         2%          1    None
 Sandblast                Erth           #.....       2%          1    None
 Confusing Touch          Hex            #.....       10%         1    None
 Corona                   Hex            #......      10%         1    None
 Ensorcelled Hibernation  Hex/Ice        #.....       14%         2    None
 Passwall                 Tmut/Erth      #.......     14%         2    None
 Slow                     Hex            #.......     14%         2    None
 Confuse                  Hex            #.......     28%         3    None
 Gell's Gravitas          Tloc           #.........   28%         3    None
 Ozocubu's Armour         Chrm/Ice       #.......     28%         3    None
 Portal Projectile        Hex/Tloc       #.....       28%         3    None
 Tukima's Dance           Hex            #.......     28%         3    None
 Throw Icicle             Conj/Ice       #####...     1%          4    ###....
 Bolt of Magma            Conj/Fire/Erth ######....   1%          5    #####..
 Iskenderun's Battlesphe  Conj/Chrm      #####...     4%          5    #####..
 Venom Bolt               Conj/Pois      #####.....   4%          5    #####..
 Orb of Destruction       Conj           ######....   10%         7    #######
 Bolt of Cold             Conj/Ice       #####.....   24%         6    ######.
 Iron Shot                Conj/Erth      #####.....   24%         6    ######.
 Freezing Cloud           Conj/Ice/Air   #####.....   28%         6    ######.
 Lee's Rapid Deconstruct  Erth           #.........   54%         5    #####..
 Yara's Violent Unravell  Hex/Tmut       #.........   54%         5    #####..
 Cause Fear               Hex            #.........   67%         4    ###....
 Ice Form                 Ice/Tmut       #.......     67%         4    ###....
 Leda's Liquefaction      Hex/Erth       #.........   67%         4    ###....
 Petrify                  Tmut/Erth      #.......     67%         4    ###....
 Summon Ice Beast         Ice/Summ       #.......     67%         4    ###....
 Metabolic Englaciation   Hex/Ice        #.........   95%         5    #####..
 Ozocubu's Refrigeration  Ice            #.........   96%         6    ######.
 Simulacrum               Ice/Necr       #.........   100%        6    ######.


Dungeon Overview and Level Annotations

Branches:
Dungeon (15/15)            Temple (1/1) D:7            Lair (6/6) D:9
  Swamp (0/4) Lair:2        Snake (0/4) Lair:2        Slime (0/5) Lair:6
    Orc (2/2) D:11            Elf (0/3) Orc:2        Vaults (0/5) D:13
 Depths (0/5) D:15          IceCv (visited)

Altars:
Ashenzari
Cheibriados
Dithmenos
Elyvilon
Fedhas
Gozag
Hepliaklqana
Kikubaaqudgha
Makhleb
Nemelex Xobeh
Okawaru
Qazlal
Ru
Sif Muna
Trog
Uskayaw
Vehumet
Wu Jian
Xom
Yredelemnul
Zin
The Shining One
Beogh
Jiyva

Shops:
D:5 %   D:9 (   D:14 (   Orc:2 [*[=(

Annotations:
Lair:6 1 runed translucent door, Tenz's ghost, journeyman SpEn


Innate Abilities, Weirdness & Mutations

You are resistant to torment.
Your stone body is resilient. (AC +12)
You are immune to poison.
Your large and strong wings let you fly indefinitely.
You resist negative energy. (rN+)
You are resistant to electric shocks. (rElec)
You can survive without breathing.
You are immune to petrification.
You are immune to rotting.


Message History

The bolt of cold hits you!!
Casting: Fireball (safe; 1% risk of failure)
Confirm with . or Enter, or press ? or * to list all spells.
Aiming: Fireball (safe; 1% risk of failure)
Press: ? - help, Shift-Dir - straight line, f/p - frost giant
Aim: a frost giant, wielding a +2 battleaxe of freezing (severely wounded)
You feel a surge of power!
The fireball explodes!
The fireball engulfs the frost giant!!
The frost giant is almost dead.
You are starving!
The frost giant gestures at you while chanting.
The bolt of cold hits you.
* * * LOW HITPOINT WARNING * * *
You don't have the energy to cast that spell.
You eat one of the 12 rations.
That ration really hit the spot!
The frost giant gestures at you while chanting.
The bolt of cold misses you.
The frost giant gestures at you while chanting.
The bolt of cold hits you!!
You die...

#....##.....#..##....#...
#....#.....#.............
##...............(..#....
###.≈≈≈................. ###
##...≈≈≈.#......[#'#+#... ##..#
#....≈≈....((...##...##..
⌠...##.(.....#...#(###.....###
...#(....#..).##...#.....#.. #.
##C#......C@..'....##.=(##..
#..#.(...#....[..#....#######..
#.'....#......#'###.)#######_.
###..........##.)######≈≈≈####
#c..........+.<(######≈^≈####
#............#....##≈≈≈≈.≈≈≈≈≈
#............#...<##≈∩......∩≈
#..#........########≈..P.⌠...≈
'....#.....## ###≈......P.≈


You could see a frost giant.

Vanquished Creatures
  Frances (D:13)
  2 orc warlords (Orc:2)
  A stone giant (D:15)
  Azrael (D:15)
  The ghost of Tommers the Eclecticist, a journeyman DECj of Gozag (Orc:2)
  An ettin (D:14)
  3 vault guards (D:15)
  A yaktaur captain (D:15)
  A rakshasa (D:15)
  A great orb of eyes (D:15)
  A catoblepas (D:14)
  6 hydras
  Erica (Lair:2)
  4 centaur warriors
  5 two-headed ogres
  An ogre mage (D:15)
  6 death yaks
  2 tengu warriors
  A deep troll earth mage (D:15)
  5 orc high priests
  Sonja (Lair:5)
  A salamander mystic (D:15)
  2 unseen horrors
  2 wizards
  2 lindwurms
  A necromancer (IceCv)
  2 wolf spiders (Lair:6)
  3 deep elf magi (D:15)
  9 orc sorcerers
  8 orc knights
  An ugly thing (D:10)
  2 manticores (D:15)
  A cyclops (shapeshifter) (D:15)
  5 cyclopes
  6 elephants
  A salamander (D:15)
  11 black mambas
  A guardian serpent (Lair:6)
  A naga mage (D:15)
  An ice statue (IceCv)
  8 spiny frogs
  A kobold demonologist (D:11)
  11 freezing wraiths
  A yaktaur (D:15)
  A rime drake (Lair:2)
  9 komodo dragons
  5 trolls
  3 hornets
  8 blink frogs
  A wind drake (shapeshifter) (D:13)
  2 meliai zombies
  3 bog bodies (Lair:2)
  10 slime creatures (D:12)
  A snapping turtle (shapeshifter) (D:14)
  15 hippogriffs
  Sigmund (D:7)
  56 yaks
  A redback (Lair:6)
  12 wyverns
  2 wraiths
  Grum (D:8)
  A death yak simulacrum (IceCv)
  3 basilisks
  2 hungry ghosts
  A steam dragon (D:11)
  7 fire elementals
  Menkaure (D:7)
  3 vampire mosquitoes
  6 wargs
  Edmund (D:4)
  2 acid dragons
  2 swamp worms (Lair:2)
  5 nagas (Lair:2)
  11 porcupines
  A hell hound (D:15)
  41 orc warriors
  22 water moccasins
  2 floating eyes (D:15)
  12 ice beasts
  3 black bears
  An eye of draining (D:10)
  4 necrophages
  19 ogres
  A phantom (D:13)
  9 wolves
  13 centaurs
  5 crocodiles
  An elf zombie (D:9)
  12 bullfrogs
  2 big kobolds
  A two-headed ogre simulacrum (Orc:2)
  A spectral warg (Orc:2)
  4 scorpions
  2 wyvern skeletons
  11 killer bees
  A troll zombie (D:9)
  A swamp dragon simulacrum (IceCv)
  16 wights
  An electric eel (Lair:2)
  9 howler monkeys
  11 crimson imps
  2 centaur zombies
  4 bullfrog zombies
  2 quasits
  5 hounds
  6 jellies
  34 orc priests
  4 draconian simulacra (IceCv)
  38 orc wizards
  3 human zombies (D:9)
  3 centaur skeletons
  2 human skeletons (D:9)
  7 iguanas
  A warg simulacrum (Orc:2)
  A spectral orc (Orc:2)
  5 spriggan simulacra (IceCv)
  15 worker ants
  5 troll simulacra (IceCv)
  2 polar bear simulacra (IceCv)
  2 centaur simulacra (IceCv)
  A hound skeleton (D:11)
  A mummy (D:9)
  A worker ant zombie (D:11)
  4 gnolls
  3 ogre simulacra (IceCv)
  15 adders
  A naga simulacrum (IceCv)
  7 shadow imps
  12 white imps (IceCv)
  An ooze (D:1)
  4 adder skeletons
  An adder zombie (D:8)
  3 worms
  12 leopard geckos
  123 orcs
  An orc simulacrum (Orc:2)
  A giant cockroach (D:6)
  16 goblins
  6 hobgoblins
  14 jackals
  6 quokkas
  10 bats
  6 frilled lizards
  A gnoll simulacrum (Orc:2)
  17 kobolds
  A leopard gecko skeleton (D:5)
  An orc zombie (D:9)
  8 rats
927 creatures vanquished.

Vanquished Creatures (others)
  Nessos (Lair:6)
  An ugly thing (D:15)
  A manticore (D:13)
  59 ball lightnings
  An orc warrior (Orc:1)
  2 orcs
  A kobold (D:7)
  21 fungi
  42 plants
129 creatures vanquished.

Grand Total: 1056 creatures vanquished

Notes
Turn   | Place    | Note
-------+----------+-------------------------------------------
     0 | D:1      | mortelune the Gargoyle Fire Elementalist began the quest
                  | for the Orb.
     0 | D:1      | Reached XP level 1. HP: 10/10 MP: 3/3
   301 | D:1      | Reached XP level 2. HP: 15/15 MP: 3/5
   401 | D:1      | Learned a level 2 spell: Throw Flame
   705 | D:1      | Reached XP level 3. HP: 19/19 MP: 3/6
  1299 | D:1      | Learned a level 3 spell: Conjure Flame
  1871 | D:2      | Reached XP level 4. HP: 24/24 MP: 3/7
  2183 | D:2      | Found an opulent altar of Gozag.
  3371 | D:3      | Reached XP level 5. HP: 27/28 MP: 7/9
  5089 | D:4      | Learned a level 4 spell: Sticky Flame
  5595 | D:4      | Reached XP level 6. HP: 32/32 MP: 4/10
  5730 | D:4      | Noticed Edmund
  6474 | D:4      | Found a bloodstained altar of Trog.
  6752 | D:4      | Killed Edmund
  6752 | D:4      | Reached skill level 5 in Fire Magic
  6953 | D:5      | Entered Level 5 of the Dungeon
  6961 | D:5      | Noticed an orc warrior
  7101 | D:5      | Reached XP level 7. HP: 30/36 MP: 0/12
  7240 | D:5      | Reached skill level 5 in Conjurations
  7891 | D:5      | Found Yrhisk's Food Shoppe.
  7898 | D:5      | Reached XP level 8. HP: 33/41 MP: 1/14
  8649 | D:5      | Learned a level 5 spell: Fireball
  9166 | D:6      | Found a stormy altar of Qazlal.
  9700 | D:6      | Noticed Sigmund
 10630 | D:6      | Reached XP level 9. HP: 44/45 MP: 5/16
 10976 | D:7      | Reached skill level 5 in Spellcasting
 11304 | D:7      | Killed Sigmund
 11304 | D:7      | Reached skill level 1 in Fighting
 11849 | D:7      | Found a staircase to the Ecumenical Temple.
 11861 | Temple   | Entered the Ecumenical Temple
 12029 | D:7      | Noticed Menkaure
 12229 | D:7      | Killed Menkaure
 13059 | D:8      | Noticed Grum
 13257 | D:8      | Noticed a hornet
 13269 | D:7      | Killed a hornet
 13269 | D:7      | Reached XP level 10. HP: 25/58 MP: 1/17
 13687 | D:8      | Reached skill level 5 in Fighting
 13708 | D:8      | Killed Grum
 14186 | D:8      | Found an ancient bone altar of Kikubaaqudgha.
 15057 | D:9      | Found a staircase to the Lair.
 15158 | D:9      | Found Yteg's Weapon Boutique.
 17002 | D:9      | Found a radiant altar of Vehumet.
 17003 | D:9      | Found a burning altar of Makhleb.
 17075 | D:9      | Became a worshipper of Vehumet
 17766 | D:9      | Found a basalt altar of Yredelemnul.
 18242 | D:10     | Entered Level 10 of the Dungeon
 18277 | D:10     | Reached XP level 11. HP: 68/68 MP: 12/18
 18618 | D:10     | Reached skill level 10 in Conjurations
 19086 | D:10     | Reached * piety under Vehumet
 19086 | D:10     | Offered knowledge of Sting by Vehumet.
 19481 | D:11     | Noticed a two-headed ogre
 19496 | D:11     | Killed a two-headed ogre
 19496 | D:11     | Reached skill level 1 in Maces & Flails
 19496 | D:11     | Reached skill level 5 in Dodging
 19692 | D:11     | Found a staircase to the Orcish Mines.
 19734 | D:11     | Noticed a four-headed hydra
 19742 | D:11     | Killed a four-headed hydra
 19761 | D:11     | Identified the amulet of Reimbursement {+Rage rC+++ Int+2
                  | Dex-4 SInv}
 20001 | D:11     | Reached skill level 10 in Fire Magic
 20586 | D:11     | Reached skill level 1 in Armour
 20684 | D:11     | Noticed an unseen horror
 20685 | D:11     | Killed an unseen horror
 20967 | D:11     | Noticed a red ugly thing
 21095 | Lair:1   | Entered Level 1 of the Lair of Beasts
 21821 | Lair:1   | Offered knowledge of Shock by Vehumet.
 21927 | Lair:1   | Reached ** piety under Vehumet
 22037 | Lair:1   | Learned a level 1 spell: Shock
 22593 | Lair:2   | Noticed a four-headed hydra
 22606 | Lair:2   | Killed a four-headed hydra
 22606 | Lair:2   | Reached XP level 12. HP: 76/77 MP: 5/19
 22820 | Lair:2   | Noticed Erica
 22835 | Lair:2   | Killed Erica
 22835 | Lair:2   | Reached skill level 10 in Fighting
 22938 | Lair:2   | Found a dark tunnel.
 23313 | Lair:2   | Reached skill level 5 in Maces & Flails
 23638 | D:9      | Bought a +2 morningstar of protection for 184 gold pieces
 23836 | Lair:2   | Found a staircase to the Swamp.
 24030 | Lair:2   | Reached skill level 5 in Armour
 24719 | Lair:2   | Found a staircase to the Snake Pit.
 25143 | Lair:3   | Noticed a five-headed hydra
 25160 | Lair:3   | Killed a five-headed hydra
 25422 | Lair:3   | Offered knowledge of Mephitic Cloud by Vehumet.
 25427 | Lair:3   | Learned a level 3 spell: Mephitic Cloud
 26276 | Lair:4   | Reached skill level 1 in Evocations
 26348 | Lair:4   | Reached skill level 1 in Air Magic
 26511 | Lair:3   | Reached *** piety under Vehumet
 27026 | Lair:4   | Reached XP level 13. HP: 84/84 MP: 4/20
 27487 | Lair:5   | Noticed Sonja
 27908 | Lair:4   | Offered knowledge of Throw Icicle by Vehumet.
 29602 | Lair:5   | Killed Sonja
 29987 | Lair:6   | Entered Level 6 of the Lair of Beasts
 30507 | Lair:6   | Reached **** piety under Vehumet
 30614 | Lair:6   | Offered knowledge of Dazzling Spray by Vehumet.
 30984 | Lair:6   | Found a viscous altar of Jiyva.
 30984 | Lair:6   | Found a staircase to the Slime Pits.
 31458 | Lair:6   | Gained mutation: Your large and strong wings let you fly
                  | indefinitely. [Gargoyle growth]
 31458 | Lair:6   | Reached XP level 14. HP: 46/91 MP: 11/21
 31968 | Lair:6   | Got a twisted chain mail
 31983 | Lair:6   | Identified the +0 chain mail of New Discoveries {*Corrode
                  | Dex+4} (You found it on level 6 of the Lair of Beasts)
 32154 | Lair:6   | Reached ***** piety under Vehumet
 32154 | Lair:6   | Offered knowledge of Force Lance by Vehumet.
 32232 | Lair:6   | Found a runed translucent door.
 32232 | Lair:6   | Noticed Tenz's ghost (journeyman SpEn)
 32630 | Lair:6   | Identified the Handbook of the Frostbite
 32982 | Lair:6   | Reached skill level 10 in Maces & Flails
 32984 | Lair:6   | Reached skill level 5 in Evocations
 33275 | Lair:6   | Noticed Nessos
 33293 | Lair:6   | Killed Nessos
 33810 | D:10     | Learned a level 4 spell: Force Lance
 36252 | D:12     | Reached skill level 5 in Air Magic
 36863 | D:12     | Paralysed by fainting for 8 turns
 36941 | D:13     | Offered knowledge of Conjure Ball Lightning by Vehumet.
 37011 | D:13     | Found a frozen archway.
 37022 | IceCv    | Entered an ice cave
 37379 | IceCv    | Got a crystal shortbow
 37380 | IceCv    | Identified the +0 shortbow of Analysis {velocity, rF+ rC-
                  | Str+4 Int+5} (You found it in an ice cave)
 37395 | IceCv    | Found an ancient bone altar of Kikubaaqudgha.
 37502 | IceCv    | Learned a level 6 spell: Conjure Ball Lightning
 38328 | D:13     | Reached XP level 15. HP: 27/97 MP: 5/23
 38837 | D:13     | Offered knowledge of Irradiate by Vehumet.
 39421 | D:13     | Noticed Frances
 39711 | D:13     | Killed Frances
 40120 | D:13     | Found a gate to the Vaults.
 40196 | Orc:1    | Entered Level 1 of the Orcish Mines
 41244 | Orc:1    | Paralysed by an orc sorcerer for 7 turns
 41598 | Orc:2    | Entered Level 2 of the Orcish Mines
 41598 | Orc:2    | Found a staircase to the Elven Halls.
 41638 | Orc:2    | Noticed an orc warlord
 41649 | Orc:2    | Killed an orc warlord
 43540 | Orc:2    | Noticed an orc warlord
 43623 | Orc:2    | Killed an orc warlord
 43754 | Orc:2    | Offered knowledge of Bolt of Fire by Vehumet.
 44045 | Orc:2    | Found Irad's Antique Armour Shoppe.
 44131 | Orc:2    | Found a runed translucent gate.
 44147 | Orc:2    | Found a runed translucent gate.
 44147 | Orc:2    | Found a runed translucent gate.
 44147 | Orc:2    | Noticed Tommers's ghost (journeyman DECj)
 44386 | Orc:2    | Found Juewkesh's Antique Armour Boutique.
 44387 | Orc:2    | Found Ticeat's Antique Weapon Shop.
 44388 | Orc:2    | Found Cyeniacza's General Store.
 44388 | Orc:2    | Found Yqaergh's Jewellery Boutique.
 44517 | Orc:2    | Killed Tommers's ghost
 44611 | Orc:2    | Bought the +1 cloak of Starlight {rElec rC+ EV+4 Stlth--}
                  | for 1335 gold pieces
 44611 | Orc:2    | Found the +1 cloak of Starlight {rElec rC+ EV+4 Stlth--}
 44611 | Orc:2    | Bought a bloodstained robe for 171 gold pieces
 44611 | Orc:2    | Bought a pair of runed boots for 225 gold pieces
 44635 | Orc:2    | Identified the cursed +1 robe "Ecootoel" {+Inv Dex+3} (You
                  | bought it in a shop on level 2 of the Orcish Mines)
 44679 | Orc:2    | Bought a scroll of blinking for 127 gold pieces
 44679 | Orc:2    | Bought a wand of digging (3) for 238 gold pieces
 44679 | Orc:2    | Bought a scroll of magic mapping for 59 gold pieces
 44795 | D:14     | Found Kophoy's Antique Weapon Shoppe.
 45237 | D:14     | Found a blossoming altar of Fedhas.
 45753 | D:14     | Reached XP level 16. HP: 78/104 MP: 28/28
 45828 | D:14     | Learned a level 6 spell: Bolt of Fire
 45944 | D:14     | Reached ****** piety under Vehumet
 46012 | D:14     | Found a roughly hewn altar of Beogh.
 46105 | D:15     | Entered Level 15 of the Dungeon
 46637 | D:15     | Noticed Azrael
 46645 | D:15     | Killed Azrael
 47313 | D:15     | Paralysed by a great orb of eyes for 7 turns
 47608 | D:15     | Got a faintly glowing platinum ring
 47611 | D:15     | Identified the ring "Efuniu Tupu" {Fire +Inv Dex+4} (You
                  | found it on level 15 of the Dungeon)
 47998 | D:15     | Found a snail-covered altar of Cheibriados.
 48270 | D:15     | Offered knowledge of Spellforged Servitor by Vehumet.
 48299 | D:15     | Identified the ring "Weireas" {*Tele SInv}
 48633 | D:15     | Found a staircase to the Depths.
 49040 | D:15     | Killed from afar by a frost giant

Levels and vault maps discovered:
D:1:      sevenhm_arrival_forest_fort_small_4, layout_loops_ring, nrook_uturn,
          minmay_split_cup_large
D:2:      layout_basic, nicolae_overflow_crystal_walls, minmay_liquid_box,
          minmay_misc_feat_chi
D:3:      minmay_recursive_quarters, layout_loops_corners
D:4:      layout_layer_cave, lightli_temple_of_fire, first_ration,
          chequers_serial_rivers_micro_a, uniq_edmund
D:5:      layout_basic, serial_shops, shop, hangedman_decor_points,
          due_unseen_surprise
D:6:      cheibrodos_barr_body, layout_basic, grunt_qazlal_sundering,
          uniq_sigmund
D:7:      layout_cave_pools, minmay_temple_entry_statues_pillars, uniq_menkaure
D:8:      layout_rooms, kiku_gazebo_pond_becter, uniq_grum
D:9:      cheibrodos_fzero, layout_basic,
          grunt_temple_overflow_lords_of_destruction,
          lemuel_mausoleum_altar_yredelemnul, lair_entry_dummy, serial_shops,
          kennysheep_little_box, grunt_ogre_cave, chequers_avenue
D:10:     layout_rooms
D:11:     minmay_the_grid_octo_tiled_squarecenter_mashed
          [minmay_the_grid_octo_horde, minmay_the_grid_octo_clover_2,
          minmay_the_grid_octo_chip, minmay_the_grid_octo_checkerflower,
          minmay_the_grid_square_5x5_megaprize_open,
          minmay_the_grid_square_5x5_checkered_statues,
          minmay_the_grid_square_5x5_z, minmay_the_grid_square_5x5_minibox,
          minmay_the_grid_square_5x5_tie], layout_loops_ring, orc_0_dummy
D:12:     layout_cave_pools
D:13:     layout_rooms, david_vaults_4, portal_ice_cave_entry_pillars_2,
          gauntlet_entry_generic, uniq_frances
D:14:     layout_roguey [special_room_orc], fedhas_altar_2, serial_shops,
          nicolae_shop_behind_doors, minivault_24, solitary_fountain
D:15:     hangedman_spin_cycle
Temple:   regret_index_temple_sphere_string
Lair:1:   layout_chaotic_city, chequers_serial_rivers_micro_b,
          nicolae_lair_grove_arrangements, lemuel_fruit_tree
Lair:2:   layout_chaotic_city, nicolae_swamp_entry_splash_gauntlet,
          minmay_snake_entry_guardpost_medium, nicolae_volcano_entry_vermiform,
          uniq_erica
Lair:3:   layout_regular_city, infiniplex_staircase_pool, serial_bayou_shore_b,
          grunt_megastairs_3
Lair:4:   layout_roguey, chequers_serial_rivers_marsh, beast_lair_carwin_10
Lair:5:   layout_hall_layers, bh_autumn_forest_stairs, serial_bayou_lagoon_a,
          uniq_sonja
Lair:6:   hangedman_lair_tendril_chambers, layout_gridlike,
          dpeg_slime_entry_enclosed_altar, gammafunk_ghost_grave,
          fungi_pond_lemuel, st_stairs_5, uniq_nessos
Orc:1:    layout_diamond_mine
Orc:2:    st_orc_congregation, layout_caves, serial_shops, shop,
          gammafunk_ghost_necromancy

Skill      XL: |  1  2  3  4  5  6  7  8  9 10 11 12 13 14 15 16 |
---------------+-------------------------------------------------+-----
Conjurations   | 2 3 4 6 7 8 9 10 12 13 | 13.2
Fire Magic     | 4 5 6 7 8 9 10 11 12 13 | 13.6
Spellcasting   | 3 4 5 8 |  8.6
Fighting       | 4 7 9 10 11 12 13 | 13.6
Dodging        | 3 4 5 |  5.3
Maces & Flails | 4 6 9 10 | 10.8
Armour         | 3 6 8 9 |  9.1
Evocations     | 1 4 5 |  5.7
Air Magic      | 1 3 5 |  5.1
Stealth        | |  2.1

Action                   |  1- 3 |  4- 6 |  7- 9 | 10-12 | 13-15 | 16-18 || total
-------------------------+-------+-------+-------+-------+-------+-------++-------
Melee: Unarmed           |    11 |       |       |       |       |       ||    11
       Hand axe          |    14 |     4 |       |       |       |       ||    18
       Mace              |       |     9 |    33 |    31 |       |       ||    73
       Short sword       |       |       |     8 |    77 |       |       ||    85
       Scimitar          |       |       |       |    56 |       |       ||    56
       Morningstar       |       |       |       |    16 |   848 |   177 ||  1041
 Cast: Flame Tongue      |    50 |    53 |   109 |   284 |   361 |    62 ||   919
       Throw Flame       |     7 |    76 |   105 |   284 |   215 |       ||   687
       Sticky Flame      |       |     3 |    19 |    72 |   164 |    22 ||   280
       Conjure Flame     |       |       |     3 |    19 |    12 |       ||    34
       Fireball          |       |       |    10 |    41 |   158 |    25 ||   234
       Shock             |       |       |       |     2 |    13 |    10 ||    25
       Mephitic Cloud    |       |       |       |       |    25 |     2 ||    27
       Force Lance       |       |       |       |       |    14 |       ||    14
       Conjure Ball Ligh |       |       |       |       |    22 |    10 ||    32
       Bolt of Fire      |       |       |       |       |       |     3 ||     3
 Abil: Fly               |       |       |       |       |     1 |       ||     1
Evoke: Wand              |       |       |       |       |     2 |       ||     2
  Use: Scroll            |       |     9 |       |    15 |     8 |     4 ||    36
       Potion            |       |       |     1 |     3 |     1 |     2 ||     7
 Stab: Confused          |       |       |       |       |    16 |       ||    16
  Eat: Chunk             |     4 |    13 |    22 |    30 |    64 |    14 ||   147
       Ration            |       |     2 |     2 |    10 |    23 |     3 ||    40
Armor: Robe              |    20 |     9 |    62 |    88 |    51 |    52 ||   282
       Troll leather arm |       |       |       |    69 |   229 |       ||   298
       Acid dragon scale |       |       |       |       |   387 |    30 ||   417
Dodge: Dodged            |    33 |    25 |   104 |   254 |   858 |   195 ||  1469
Block: Other             |       |       |     7 |    79 |   235 |    36 ||   357
       Reflection        |       |       |     1 |     3 |     7 |     4 ||    15
       Rpst.: Scimitar   |       |       |       |    33 |       |       ||    33
